Map: Gresvan LE

Players

PtitDrogo

  • Race: Protoss Protoss
  • Spawn Location: 5:00

DnS - Winner!

  • Race: Protoss Protoss
  • Spawn Location: 11:00

Event: HomeStory Cup XXIII

VOD

Have the link to the VOD?

Description

Time

  • Played on: July 1, 2023, 6:51 a.m.
  • Length: 6:52

All games in this series

Show
View Real Time Build Order
Export as new Build Order

PtitDrogo Protoss 

Build Orders:  

Get SALT Encoding   

  12  0:00  Probe  
  13  0:12  Probe  
  14  0:17  Pylon  
  14  0:24  Probe (Chrono Boost)  
  15  0:36  Probe (Chrono Boost), Gateway  
  16  0:45  Probe (Chrono Boost)  
  16  0:46  Assimilator  
  17  0:51  Probe  
  17  0:54  Assimilator  
  18  1:03  Probe (Chrono Boost)  
  19  1:07  Gateway  
  19  1:13  Probe (Chrono Boost)  
  20  1:18  Probe  
  20  1:24  Cybernetics Core  
  21  1:30  Probe  
  22  1:38  Pylon  
  22  1:42  Probe  
  23  1:57  Warp Gate (Chrono Boost)  
  23  2:00  Stalker x2  
  27  2:05  Gateway  
  27  2:11  Pylon  
  27  2:30  Stalker  
  27  2:32  Stalker  
  31  2:43  Shield Battery  
  31  2:52  Stalker  
  33  3:27  Nexus  
  33  3:36  Stalker x3  
  33  3:40  Pylon  
  39  3:50  Robotics Facility  
  39  3:58  Probe  
  39  3:59  Sentry  
  39  4:00  Sentry  
  44  4:07  Stalker  
  46  4:13  Pylon  
  46  4:22  Shield Battery  
  46  4:27  Probe  
  47  4:39  Phoenix  
  47  4:43  Observer (Chrono Boost)  
  47  4:45  Stalker x2  
  50  4:52  Shield Battery  
  52  4:58  Probe  
  53  5:02  Immortal  
  57  5:09  Probe  
  57  5:10  Probe  
  57  5:21  Probe  
  57  5:26  Stalker x2  
  46  5:37  Stalker  
  46  5:45  Immortal (Chrono Boost)  
  50  5:55  Adept  
  50  5:56  Adept  
  52  6:10  Stalker  
  51  6:18  Stalker  
  46  6:29  Stalker  
  38  6:35  Stalker  
Show
View Real Time Build Order
Export as new Build Order

DnS Protoss - Winner!

Build Orders: Blink Stalkers 

Get SALT Encoding   

  12  0:00  Probe  
  13  0:12  Probe  
  14  0:17  Pylon  
  14  0:24  Probe (Chrono Boost)  
  15  0:36  Probe (Chrono Boost), Gateway  
  16  0:44  Probe (Chrono Boost)  
  16  0:45  Assimilator  
  17  0:51  Probe  
  17  0:53  Assimilator  
  18  1:03  Probe (Chrono Boost)  
  19  1:06  Gateway  
  19  1:12  Probe (Chrono Boost)  
  19  1:17  Probe (Chrono Boost)  
  20  1:23  Cybernetics Core  
  21  1:29  Probe  
  22  1:32  Pylon  
  22  1:41  Probe  
  23  1:53  Probe  
  24  1:59  Stalker x2  
  24  2:00  Warp Gate  
  28  2:12  Pylon  
  28  2:23  Shield Battery  
  28  2:29  Stalker  
  30  2:30  Stalker  
  32  2:41  Twilight Council  
  32  2:51  Gateway  
  32  2:59  Stalker  
  32  3:00  Stalker  
  36  3:09  Blink (Chrono Boost)  
  36  3:13  Pylon  
  36  3:33  Gateway  
  36  3:47  Stalker x2  
  40  3:51  Stalker  
  42  4:08  Pylon  
  42  4:12  Stalker  
  42  4:15  Stalker  
  46  4:27  Stalker  
  48  4:33  Stalker  
  50  4:45  Stalker  
  52  4:56  Stalker x2  
  55  5:06  Pylon  
  55  5:24  Pylon  
  45  5:42  Stalker x3  
  51  5:45  Gateway  
  49  6:09  Sentry  
  49  6:10  Stalker x2  
  47  6:34  Stalker x2  
  51  6:42  Stalker x2  
Tags
 
Add a new tag
Caveats
  • Supply blocks, unpowered buildings, or Contaminate may cause inaccurate times.
  • Supply counts are checked every 10 seconds.